 Dungeon Crawl Stone Soup version 0.21-a0-28-g9a7844a (webtiles) character file.

147 Manul the Ducker (level 5, -2/28 HPs)
             Began as a Spriggan Abyssal Knight on May 26, 2017.
             Was a Believer of Lugonu.
             Killed by divine providence
             ... invoked by an orc priest
              (9 damage)
             ... on level 3 of the Dungeon.
             The game lasted 00:02:50 (2058 turns).

Manul the Ducker (Spriggan Abyssal Knight)          Turns: 2058, Time: 00:02:50

Health: -2/28      AC:  3    Str:  8    XL:     5   Next: 7%
Magic:  7/7        EV: 20    Int: 13    God:    Lugonu [**....]
Gold:   89         SH:  0    Dex: 17    Spells: 4/4 levels left

rFire    + . .     SeeInvis +   g - +3 hand axe
rCold    . . .     Gourm    .   (shield restricted)
rNeg     . . .     Faith    .   b - +1 robe
rPois    .         Spirit   .   (helmet restricted)
rElec    .         Reflect  .   (no cloak)
rCorr    .         Harm     .   (gloves unavailable)
MR       .....                  (boots unavailable)
Stlth    ++........             (no amulet)
Regen    0.1/turn               q - ring of protection from fire
MPRegen  0.1/turn               (no ring)

@: very quick
A: unfitting armour, see invisible, herbivore 3, speed 3, slow metabolism 2
a: Depart the Abyss, Bend Space, Renounce Religion


You were on level 3 of the Dungeon.
You worshipped Lugonu.
Lugonu was pleased with you.
You were not hungry.

You visited 1 branch of the dungeon, and saw 3 of its levels.
You visited the Abyss 1 time.

You collected 89 gold pieces.

Inventory:

Hand Weapons
 a - a +1 short sword
 g - a +3 hand axe (weapon)
Armour
 b - a +1 robe (worn)
Jewellery
 q - a ring of protection from fire (left hand)
Wands
 e - a wand of iceblast (1/15)
 s - a wand of flame (33/48)
Scrolls
 d - a scroll of fog
 f - 4 scrolls of enchant armour
 j - 4 scrolls of remove curse
 m - 2 scrolls of identify {unknown}
 n - a scroll of immolation {unknown}
 o - a scroll of noise
 r - a scroll of teleportation
Potions
 h - 3 potions of might {unknown}
 i - a potion of degeneration {unknown}
 k - 2 potions of berserk rage {unknown}
 l - a potion of curing {unknown}
 p - a potion of agility {unknown}
 u - a potion of brilliance {unknown}
 v - a potion of invisibility {unknown}
 w - 2 potions of flight {unknown}
Comestibles
 c - 3 bread rations
 t - a royal jelly


   Skills:
 + Level 3.0 Fighting
 + Level 2.5 Short Blades
 + Level 2.1 Axes
 + Level 4.8 Dodging
 + Level 1.4 Stealth
 * Level 2.4 Invocations


You had 4 spell levels left.
You didn't know any spells.

Dungeon Overview and Level Annotations

Branches:
Dungeon (3/15)

Altars:
Fedhas
Qazlal
Zin


Innate Abilities, Weirdness & Mutations

You are very small and have problems with some larger weapons.
You are too small for most types of armour.
You have supernaturally acute eyesight. (SInv)
You are a herbivore.
You cover ground extremely quickly.
You need consume almost no food.


Message History

You are too injured to fight recklessly!
You are too injured to fight recklessly!
You are too injured to fight recklessly!
You are too injured to fight recklessly!
You are too injured to fight recklessly!
You are too injured to fight recklessly!
You are too injured to fight recklessly!
You are too injured to fight recklessly!
You are too injured to fight recklessly!
You are too injured to fight recklessly!
Unknown command.
Things that are here:
a short sword; an orc corpse The orc throws a tomahawk.
The tomahawk hits you.
* * * LOW HITPOINT WARNING * * *
You see here a tomahawk.
There is a stone staircase leading up here.
The orc priest invokes the aid of Beogh against you.
Beogh smites you!
You die...

##.........####
###..#....
####..#...#####
#....##.###
#....#...## ###..
#.##.### #........#
#... ##....##.
#........#
###.####...##...
.......).#
#........####.##
.....##### #.#.####.#
#..# ####.# #####....#
#.##..##
####.########...@..##
#.#..# ##
....>.........#..###
#...# ##.
.....##########o##
#..## #.. ....##
#)#########.#####.#
...##
#o................#
...#
#...o#################
...# #....# ...#
###### ...#


You could see an orc priest and 2 orcs.

Vanquished Creatures
  Jessica (D:2)
  6 adders (D:2)
  A white imp (Abyss:1)
  4 dart slugs
  A leopard gecko (D:2)
  2 orcs (D:3)
  4 bats (D:1)
  A giant cockroach (D:2)
  6 goblins
  8 hobgoblins
  3 kobolds
  A ball python (D:2)
  A frilled lizard (D:2)
  17 rats
56 creatures vanquished.

Notes
Turn   | Place    | Note
-------+----------+-------------------------------------------
     0 | Abyss:1  | Manul the Spriggan Abyssal Knight began the quest for the Orb.
     0 | Abyss:1  | Reached XP level 1. HP: 11/11 MP: 3/3
    89 | Abyss:1  | Noticed a small abomination
   124 | Abyss:2  | Noticed an iron imp
   156 | Abyss:2  | Noticed a stone giant simulacrum
   188 | Abyss:2  | Noticed a thrashing horror
   189 | Abyss:2  | Noticed a ynoxinul
   192 | D:1      | Escaped the Abyss
   196 | D:1      | Reached XP level 2. HP: 16/16 MP: 2/4
   206 | D:1      | Reached * piety under Lugonu
   206 | D:1      | Reached skill level 4 in Dodging
   425 | D:1      | Reached XP level 3. HP: 19/19 MP: 5/5
   915 | D:2      | Reached skill level 1 in Axes
  1211 | D:2      | Found a stormy altar of Qazlal.
  1369 | D:2      | Noticed Jessica
  1378 | D:2      | Killed Jessica
  1378 | D:2      | Reached XP level 4. HP: 23/23 MP: 6/6
  1426 | D:2      | Reached skill level 1 in Stealth
  1554 | D:2      | Found a glowing silver altar of Zin.
  1641 | D:2      | Reached ** piety under Lugonu
  1845 | D:3      | Reached XP level 5. HP: 26/28 MP: 7/7
  2000 | D:3      | Found a blossoming altar of Fedhas.
  2058 | D:3      | Killed from afar by an orc priest

Vault maps used:
D:1:      erik_arrival_orb_chamber
D:2:      grunt_qazlal_sundering, zin_statuary, uniq_jessica
D:3:      fedhas_altar_2

Skill      XL: |  1  2  3  4 |
---------------+-------------+-----
Dodging        | 4 |  4.8
Invocations    | 2 |  2.4
Axes           | 1 2 |  2.1
Stealth        | 1 |  1.4
Fighting       | 3 |  3.0
Short Blades   | |  2.5

Action                   |  1- 3 |  4- 6 || total
-------------------------+-------+-------++-------
Melee: Short sword       |     4 |       ||     4
       Hand axe          |    75 |    81 ||   156
Invok: Depart the Abyss  |     1 |       ||     1
Evoke: Wand              |     1 |       ||     1
  Use: Scroll            |     2 |     3 ||     5
       Potion            |     1 |       ||     1
 Stab: Sleeping          |     1 |     1 ||     2
Armor: Robe              |    10 |     6 ||    16
Dodge: Dodged            |    85 |    70 ||   155
